 Dungeon Crawl Stone Soup version 0.18.1-50-g88ac8fd (console) character file.

10186 Kloppie the Severer (level 11, -2/104 HPs)
             Began as a Hill Orc Gladiator on Oct 28, 2016.
             Was a High Priest of Makhleb.
             Slain by a crocodile (13 damage)
             ... on level 3 of the Lair of Beasts on Oct 29, 2016.
             The game lasted 00:19:00 (11776 turns).

Kloppie the Severer (Hill Orc Gladiator)           Turns: 11776, Time: 00:19:00

Health: -2/104     AC: 19    Str: 24    XL:     11   Next: 58%
Magic:  11/11      EV:  9    Int:  8    God:    Makhleb [*****.]
Gold:   743        SH:  0    Dex: 14    Spells: 0 memorised, 10 levels left

rFire  . . .     SeeInvis .     a - +1 war axe
rCold  . . .     Gourm    .     y - +0 chain mail
rNeg   . . .     Faith    .     (no shield)
rPois  +         Spirit   .     x - +0 helmet
rElec  .         Dismiss  .     s - +1 cloak
rCorr  +         Reflect  .     F - +1 pair of gloves
SustAt .         Harm     .     (no boots)
MR     .....                    (no amulet)
Stlth  ..........               q - ring of resist corrosion
                                n - +2 ring of protection

@: mighty, not resistant to hostile enchantments, extremely unstealthy
A: poison resistance
a: Minor Destruction, Lesser Servant of Makhleb, Major Destruction, Greater
Servant of Makhleb, Renounce Religion


You were on level 3 of the Lair of Beasts.
You worshipped Makhleb.
Makhleb was extremely pleased with you.
You were not hungry.

You visited 2 branches of the dungeon, and saw 13 of its levels.
You also visited: Sewer.

You collected 743 gold pieces.

Inventory:

Hand Weapons
 a - a +1 war axe (weapon)
 b - a +2 trident of venom
 e - a +0 battleaxe of draining
Missiles
 d - 2 throwing nets (quivered)
Armour
 s - a +1 cloak (worn)
 x - a +0 helmet (worn)
 y - a +0 chain mail (worn)
 F - a +1 pair of gloves (worn)
Jewellery
 g - an uncursed ring of ice
 n - a +2 ring of protection (left hand)
 q - a ring of resist corrosion (right hand)
 L - an uncursed ring of flight
 R - an uncursed ring of ice
Wands
 u - a wand of teleportation (6/9)
 E - a wand of digging (1/24)
 K - a wand of hasting (6/9)
 N - a wand of flame (12/48)
Scrolls
 h - 4 scrolls of enchant weapon
 i - 7 scrolls of teleportation
 k - 6 scrolls of remove curse
 l - a scroll of magic mapping
 p - 3 scrolls of recharging
 z - a scroll of blinking
 H - 2 scrolls of fog
 M - 2 scrolls of amnesia
Potions
 c - a potion of heal wounds
 m - 3 potions of curing
 t - a potion of haste
 v - a potion of magic
 B - a potion of brilliance
 D - 3 potions of lignification
 I - a potion of invisibility
 J - a potion of flight
 O - a potion of resistance {unknown}
 P - a potion of berserk rage {unknown}
Books
 r - a book of Frost

   Spells                             Type                      Level
   a - Freeze                         Ice                          1
   b - Throw Frost                    Conjuration/Ice              2
   c - Ozocubu's Armour               Charms/Ice                   3
   d - Throw Icicle                   Conjuration/Ice              4
   e - Summon Ice Beast               Ice/Summoning                4
 w - a book of Ice

   Spells                             Type                      Level
   a - Ice Form                       Ice/Transmutation            4
   b - Metabolic Englaciation         Hexes/Ice                    5
   c - Ozocubu's Refrigeration        Ice                          6
   d - Bolt of Cold                   Conjuration/Ice              6
   e - Freezing Cloud                 Conjuration/Ice/Air          6
   f - Simulacrum                     Ice/Necromancy               6
Comestibles
 f - 11 bread rations
 o - 4 meat rations
 A - 10 fruits
 C - 9 slices of pizza
 G - 2 beef jerkies
 Q - 8 chunks of flesh


   Skills:
 + Level 12.0 Fighting
 + Level 15.7 Axes
 - Level 1.7 Throwing
 - Level 8.8 Armour
 - Level 2.4 Dodging


You had 10 spell levels left.
You didn't know any spells.

Dungeon Overview and Level Annotations

Branches:
Dungeon (10/15)            Temple (0/1) D:4            Lair (3/8) D:8
 Spider (0/4) Lair:3
  Swamp: Lair:3-6    Shoals: Lair:3-6       Orc: D:9-12

Altars:
Ashenzari
Cheibriados
Dithmenos
Elyvilon
Fedhas
Makhleb
Nemelex Xobeh
Pakellas
Qazlal
The Shining One


Innate Abilities, Weirdness & Mutations

Your system is resistant to poisons.


Message History

Your Fighting skill increases to level 12!
The water moccasin bites you but does no damage.
The crocodile bites you but does no damage.
Your +2 trident of venom stops dripping with poison.
a - a +1 war axe (weapon)
The water moccasin bites you but does no damage.
You hit the crocodile.
The crocodile is moderately wounded.
You slash the water moccasin!
The water moccasin is heavily wounded.
The water moccasin bites you.
* * * LOW HITPOINT WARNING * * *
The crocodile bites you.
* * * LOW HITPOINT WARNING * * *
You slash the crocodile!
The crocodile is severely wounded.
You hit the water moccasin.
The water moccasin is severely wounded.
The water moccasin closely misses you. The crocodile bites you!
You die...

.................#
.................##
...###.#.###......#
.................##
.....#.........[.P#
#.##...รท.#.#......#
#........###...P#
#.......## #...##
##.#....# #.@..#
#.#...###.#S.t##
......# #......#
P.P#...# ##.....# [.
....# ##.....#
#....... #.........
#....####P# #....# #


You could see a water moccasin and a crocodile.

Vanquished Creatures
  A hydra (Lair:3)
  A queen ant (D:7)
  Joseph (D:7)
  A spiny frog (Lair:2)
  The ghost of Schimscham the Nimble, a novice SpEn (D:5)
  A human (D:7)
  A hog (D:7)
  4 yaks (Lair:2)
  2 hippogriffs
  9 soldier ants
  3 porcupines
  4 water moccasins
  2 hell hounds (D:8)
  A sky beast (D:8)
  4 ice beasts
  A necrophage (D:6)
  4 ogres
  A centaur (D:7)
  5 crocodiles
  Blork the orc (D:5)
  12 giant frogs
  2 gnoll sergeants
  3 scorpions
  8 killer bees
  3 wights (D:6)
  6 howler monkeys
  2 crimson imps
  A jelly (D:5)
  6 orc priests
  4 orc wizards
  6 hounds
  Crazy Yiuf (D:2)
  2 giant frog skeletons
  6 iguanas
  22 worker ants
  A killer bee zombie (D:9)
  3 sheep (D:7)
  12 gnolls
  A howler monkey skeleton (D:7)
  12 adders
  16 river rats (Lair:1)
  A shadow imp (D:8)
  2 oozes
  An adder skeleton (D:8)
  5 worms
  A dart slug (D:4)
  15 giant geckos
  27 orcs
  9 bats
  11 giant cockroaches
  10 goblins
  3 hobgoblins
  5 jackals
  6 kobolds
  6 quokkas
  8 ball pythons
  11 giant newts
  9 rats
307 creatures vanquished.

Notes
Turn   | Place    | Note
--------------------------------------------------------------
     0 | D:1      | Kloppie the Hill Orc Gladiator began the quest for the Orb.
     0 | D:1      | Reached XP level 1. HP: 18/18 MP: 1/1
    75 | D:1      | Reached XP level 2. HP: 20/25 MP: 2/2
   503 | D:1      | Reached XP level 3. HP: 30/31 MP: 3/3
  1306 | D:2      | Reached skill level 5 in Axes
  1306 | D:2      | Reached skill level 1 in Armour
  1421 | D:2      | Noticed Crazy Yiuf
  1429 | D:2      | Killed Crazy Yiuf
  1429 | D:2      | Reached XP level 4. HP: 40/40 MP: 4/4
  1924 | D:3      | Found a glowing drain.
  1957 | Sewer    | Entered a sewer
  2061 | Sewer    | Reached XP level 5. HP: 36/46 MP: 5/5
  2179 | Sewer    | Reached skill level 6 in Axes
  2179 | Sewer    | Reached XP level 6. HP: 20/55 MP: 6/6
  2664 | D:3      | Reached skill level 5 in Fighting
  2681 | D:3      | Found a burning altar of Makhleb.
  2875 | D:3      | Found a white marble altar of Elyvilon.
  2883 | D:3      | Found a snail-covered altar of Cheibriados.
  2886 | D:3      | Found a stormy altar of Qazlal.
  3182 | D:3      | Became a worshipper of Makhleb the Destroyer
  3197 | D:4      | Found a blossoming altar of Fedhas.
  3534 | D:4      | Found a staircase to the Ecumenical Temple.
  3786 | D:4      | Reached skill level 7 in Axes
  3786 | D:4      | Reached XP level 7. HP: 55/61 MP: 7/7
  4166 | D:5      | Entered Level 5 of the Dungeon
  4196 | D:5      | Noticed Blork the orc
  4202 | D:5      | Killed Blork the orc
  4320 | D:5      | Noticed Schimscham's ghost (novice SpEn)
  4332 | D:5      | Gained mutation: Your body sometimes deteriorates upon taking damage. [potion of mutation]
  4332 | D:5      | Gained mutation: Your system is resistant to poisons. [potion of mutation]
  4332 | D:5      | Lost mutation: Your body sometimes deteriorates upon taking damage. [potion of mutation]
  4350 | D:5      | Killed Schimscham's ghost
  4350 | D:5      | Reached skill level 8 in Axes
  4749 | D:5      | Reached * piety under Makhleb
  4754 | D:5      | Reached XP level 8. HP: 57/71 MP: 8/8
  4828 | D:5      | Found a shadowy altar of Dithmenos.
  5002 | D:5      | Reached skill level 9 in Axes
  5783 | D:6      | Reached skill level 10 in Axes
  5783 | D:6      | Reached skill level 5 in Armour
  6237 | D:6      | Reached ** piety under Makhleb
  6237 | D:6      | Reached XP level 9. HP: 76/79 MP: 9/9
  6365 | D:6      | Found a glowing golden altar of the Shining One.
  6572 | D:6      | Reached skill level 11 in Axes
  6624 | D:7      | Noticed Joseph
  6639 | D:7      | Killed Joseph
  6854 | D:7      | Found a sparkling altar of Nemelex Xobeh.
  7166 | D:7      | Reached skill level 12 in Axes
  7166 | D:7      | Reached *** piety under Makhleb
  7555 | D:7      | Reached XP level 10. HP: 77/86 MP: 10/10
  7733 | D:8      | Found a staircase to the Lair.
  7759 | D:8      | Reached skill level 13 in Axes
  7914 | D:8      | Reached **** piety under Makhleb
  8195 | D:8      | Reached skill level 14 in Axes
  8220 | D:8      | Noticed a queen ant
  8536 | D:7      | Killed a queen ant
  8536 | D:7      | Reached skill level 10 in Fighting
  8926 | D:8      | Reached XP level 11. HP: 101/101 MP: 11/11
  9322 | D:9      | Found a shattered altar of Ashenzari.
  9365 | D:9      | Found an oddly glowing altar of Pakellas.
  9956 | D:10     | Entered Level 10 of the Dungeon
 10018 | Lair:1   | Entered Level 1 of the Lair of Beasts
 10359 | Lair:1   | Reached ***** piety under Makhleb
 10537 | Lair:1   | Reached skill level 15 in Axes
 11712 | Lair:3   | Found a hole to the Spider Nest.
 11755 | Lair:3   | Noticed a six-headed hydra
 11773 | Lair:3   | Killed a six-headed hydra
 11776 | Lair:3   | Slain by a crocodile

Skill      XL: |  1  2  3  4  5  6  7  8  9 10 11 |
---------------+----------------------------------+-----
Fighting       | 3 4 5 6 7 10 12 | 12.0
Axes           | 5 6 7 8 10 12 14 15 | 15.7
Armour         | 1 2 3 4 5 8 |  8.8
Throwing       | |  1.7
Dodging        | |  2.4

Action                   |  1- 3 |  4- 6 |  7- 9 | 10-12 || total
-------------------------+-------+-------+-------+-------++-------
Melee: War axe           |   105 |   180 |   327 |   545 ||  1157
       Trident           |       |       |       |    10 ||    10
Throw: Throwing net      |     1 |     1 |     3 |       ||     5
Evoke: Wand              |       |       |       |     2 ||     2
  Use: Scroll            |       |       |    14 |     8 ||    22
       Potion            |       |       |     5 |     5 ||    10
 Stab: Held in net/web   |     1 |       |     1 |       ||     2
  Eat: Chunk             |     2 |     7 |    13 |     9 ||    31
       Meat ration       |       |       |       |     1 ||     1
Armor: Leather armour    |    11 |       |       |       ||    11
       Scale mail        |    40 |    97 |   132 |       ||   269
       Skin              |       |       |     3 |    10 ||    13
       Chain mail        |       |       |    38 |   368 ||   406
Dodge: Dodged            |    85 |   122 |   145 |   283 ||   635
